 Dungeon Crawl Stone Soup version 0.21.1 (webtiles) character file.

831 Stimme the Insei (level 7, -6/45 HPs)
             Began as an Octopode Transmuter on Feb 3, 2018.
             Mangled by an ice beast (7 damage)
             ... on level 5 of the Dungeon.
             The game lasted 00:19:11 (4963 turns).

Stimme the Insei (Octopode Transmuter)              Turns: 4963, Time: 00:19:12

Health: -6/45      AC:  1    Str: 12    XL:     7   Next: 98%
Magic:  10/10      EV: 15    Int: 15    God:
Gold:   123        SH:  0    Dex: 14    Spells: 3/11 levels left

rFire    + . .     SeeInvis .     - Unarmed
rCold    x . .     Gourm    .   (no shield)
rNeg     . . .     Faith    .   (helmet restricted)
rPois    .         Spirit   .   (no amulet)
rElec    .         Reflect  .   e - ring of fire
rCorr    .         Harm     .   (no ring)
MR       +....                  m - ring of protection from magic
Stlth    ++++......             (no ring)
HPRegen  0.15/turn              (no ring)
MPRegen  0.12/turn              (no ring)
                                (no ring)
                                (no ring)

@: no status effects
A: almost no armour, stealthy swim, amphibious, 8 rings, constrict 8, camouflage
1, mutation resistance 1, strong 1, gelatinous body 1
a: no special abilities


You were on level 5 of the Dungeon.
You were very hungry.

You visited 1 branch of the dungeon, and saw 5 of its levels.

You collected 123 gold pieces.

Inventory:

Missiles
 a - 20 arrows
 h - 208 stones (quivered)
Jewellery
 e - a ring of fire (left tentacle)
 m - a ring of protection from magic (on tentacle)
Wands
 k - a wand of disintegration (13)
Scrolls
 d - a scroll of fog
 f - a scroll of enchant armour {unknown}
 g - 10 scrolls of identify
 j - 4 scrolls of teleportation
 l - a scroll of random uselessness
 o - 3 scrolls of remove curse
Potions
 n - a potion of lignification
Books
 b - a book of Changes

   Spells                             Type                      Level
   a - Beastly Appendage              Transmutation                1
   b - Sticks to Snakes               Transmutation                2
   c - Spider Form                    Transmutation/Poison         3
   d - Ice Form                       Ice/Transmutation            4
   e - Blade Hands                    Transmutation                5
 i - a book of Misfortune

   Spells                             Type                      Level
   a - Confusing Touch                Hexes                        1
   b - Confuse                        Hexes                        3
   c - Gell's Gravitas                Translocation                3
   d - Petrify                        Transmutation/Earth          4
   e - Metabolic Englaciation         Hexes/Ice                    5
   f - Yara's Violent Unravelling     Hexes/Transmutation          5
Comestibles
 c - 13 rations


   Skills:
 + Level 2.0 Fighting
 + Level 3.6 Dodging
 + Level 4.3 Stealth
 + Level 7.4 Unarmed Combat
 + Level 2.5 Spellcasting
 + Level 2.2 Transmutations
 + Level 0.1 Ice Magic


You had 3 spell levels left.
You knew the following spells:

 Your Spells              Type           Power        Failure   Level  Hunger
a - Beastly Appendage     Tmut           #.....       9%          1    #......
b - Ice Form              Ice/Tmut       #.......     77%         4    #####..
c - Sticks to Snakes      Tmut           #.......     12%         2    ###....
d - Confusing Touch       Hex            #.....       22%         1    #......


Dungeon Overview and Level Annotations

Branches:
Dungeon (5/15)
 Temple: D:4-7

Altars:
Dithmenos
Gozag
Trog
Zin

Shops:
D:4 =


Innate Abilities, Weirdness & Mutations

You cannot wear most types of armour.
You are very stealthy in the water. (Stealth+)
You are amphibious.
You can wear up to eight rings at the same time.
You can use your tentacles to constrict eight enemies at once.
Your skin changes colour to match your surroundings (Stealth+).
Your rubbery body absorbs attacks. (AC +1, EV +1)
You are somewhat resistant to further mutation.
Your muscles are strong. (Str +2)


Message History

Magic restored.
You start resting.
Your tentacle spike disappears.
You start resting.
You are feeling hungry.
You start resting.
HP restored.
You start waiting.
You are feeling very hungry.
You climb downwards.
There is a stone staircase leading up here.
The ice beast hits you. The ice beast freezes you!!
You feel a terrible chill!
You closely miss the ice beast. The ice beast hits you.
The ice beast freezes you!!
You feel a terrible chill!
* * * LOW HITPOINT WARNING * * *
There is a stone staircase leading up here.
The ice beast hits you.
* * * LOW HITPOINT WARNING * * *
The ice beast freezes you!
You feel a terrible chill!
You die...

.##.....# .#.%...## .......
#.%...#### #........#
#.....##.### # #....$##...
#..######Y#.##.#
..#.....##@#.#..#
#....##....#.#†)#
..##....#..#....######## #
....###................. #
..#.........)(...##########
....................# #....
..#####.#..##.......###>###
................##.........
#...###.#####...####..####.


You could see an ice beast.

Vanquished Creatures
  The ghost of Pawles22 the Ducker, a novice KoBe of Trog (D:5)
  An ogre (D:4)
  A scorpion (D:4)
  A howler monkey (D:4)
  2 orc priests (D:4)
  A bullfrog skeleton (D:4)
  An orc wizard (D:5)
  A worker ant (D:4)
  A hound skeleton (D:2)
  5 adders
  An adder zombie (D:5)
  A worm (D:2)
  3 dart slugs
  4 leopard geckos
  17 orcs
  7 bats
  10 goblins
  8 hobgoblins
  10 jackals
  12 kobolds
  A quokka (D:5)
  3 ball pythons
  7 frilled lizards
  6 rats
105 creatures vanquished.

Notes
Turn   | Place    | Note
-------+----------+-------------------------------------------
     0 | D:1      | Stimme the Octopode Transmuter began the quest for the Orb.
     0 | D:1      | Reached XP level 1. HP: 13/13 MP: 3/3
   181 | D:1      | Reached XP level 2. HP: 16/18 MP: 5/5
   517 | D:1      | Reached skill level 1 in Stealth
  1122 | D:2      | Reached XP level 3. HP: 23/23 MP: 6/6
  1426 | D:2      | Reached skill level 4 in Unarmed Combat
  1426 | D:2      | Reached XP level 4. HP: 17/28 MP: 7/7
  1450 | D:2      | Found a glowing silver altar of Zin.
  1787 | D:2      | Found an opulent altar of Gozag.
  2147 | D:3      | Learned a level 4 spell: Ice Form
  2150 | D:3      | Learned a level 2 spell: Sticks to Snakes
  2423 | D:3      | Reached XP level 5. HP: 33/33 MP: 8/8
  3120 | D:4      | Reached skill level 5 in Unarmed Combat
  3157 | D:4      | Reached XP level 6. HP: 19/38 MP: 9/9
  3701 | D:4      | Reached skill level 6 in Unarmed Combat
  4000 | D:4      | Gained mutation: You are somewhat resistant to further mutation. [potion of mutation]
  4000 | D:4      | Gained mutation: Your muscles are strong. (Str +2) [potion of mutation]
  4045 | D:4      | Found a shadowy altar of Dithmenos.
  4140 | D:4      | Reached XP level 7. HP: 41/43 MP: 10/10
  4149 | D:4      | Learned a level 1 spell: Confusing Touch
  4203 | D:4      | Found Fuck's Jewellery Shoppe.
  4453 | D:5      | Entered Level 5 of the Dungeon
  4546 | D:5      | Noticed Pawles22's ghost (novice KoBe)
  4558 | D:5      | Killed Pawles22's ghost
  4558 | D:5      | Reached skill level 7 in Unarmed Combat
  4662 | D:5      | Found a bloodstained altar of Trog.
  4963 | D:5      | HP: 1/45 [ice beast (3)]
  4963 | D:5      | Mangled by an ice beast

Skill      XL: |  1  2  3  4  5  6  7 |
---------------+----------------------+-----
Stealth        | 1 2 3 4 |  4.3
Unarmed Combat | 4 5 6 7 |  7.4
Dodging        | 3 |  3.6
Fighting       | 2 |  2.0
Spellcasting   | |  2.5
Transmutations | |  2.2
Ice Magic      | |  0.1

Action                   |  1- 3 |  4- 6 |  7- 9 || total
-------------------------+-------+-------+-------++-------
Melee: Unarmed           |    69 |   153 |    40 ||   262
       Constrict         |    20 |    43 |     9 ||    72
       Punch             |     2 |     6 |       ||     8
       Tentacles         |     9 |    26 |     3 ||    38
       Kick              |       |       |     3 ||     3
Throw: Stone             |       |     3 |       ||     3
 Cast: Confusing Touch   |       |       |     1 ||     1
       Sticks to Snakes  |       |       |     1 ||     1
       Beastly Appendage |       |       |     1 ||     1
  Use: Scroll            |     2 |     3 |     1 ||     6
       Potion            |       |     8 |     1 ||     9
 Stab: Sleeping          |     4 |     6 |     1 ||    11
       Distracted        |       |     1 |       ||     1
  Eat: Chunk             |     2 |     8 |     2 ||    12
Armor: Skin              |     4 |    25 |     4 ||    33
Dodge: Dodged            |    37 |    76 |    29 ||   142
